 Dungeon Crawl Stone Soup version 0.23.0-3-gf3c87f2 (webtiles) character file.

Game seed: 16454839546671490868

4447 Borgoz the Cutter (level 10, -5/83 HPs)
             Began as a Ghoul Gladiator on Feb 24, 2019.
             Was a Follower of Ashenzari.
             Slain by an elephant (15 damage)
             ... on level 9 of the Dungeon.
             The game lasted 00:20:17 (9679 turns).

Borgoz the Cutter (Ghoul Gladiator)                 Turns: 9679, Time: 00:20:18

Health: -5/83      AC:  7    Str: 19    XL:     10   Next: 37%
Magic:  13/13      EV: 14    Int:  6    God:    Ashenzari [*.....]
Gold:   372        SH:  0    Dex: 10    Spells: 9/15 levels left

rFire    . . .     SeeInvis .   a - +0 rapier
rCold    + . .     Gourm    .   (no shield)
rNeg     + + +     Faith    .   b - +0 leather armour
rPois    ∞         Spirit   .   c - +0 helmet (curse)
rElec    .         Reflect  .   h - +0 cloak
rCorr    .         Harm     .   s - +0 pair of gloves (curse)
MR       .....                  (no boots)
Stlth    +++.......             g - amulet of magic regeneration
HPRegen  0.00/turn              e - +4 ring of slaying (curse)
MPRegen  0.38/turn              x - ring of wizardry

@: rotting
A: rotting body, claws 1, carnivore, cold resistance 1, negative energy
resistance 3, inhibited regeneration, torment resistance, unbreathing
a: Curse Item, Scrying, Renounce Religion


You were on level 9 of the Dungeon.
You worshipped Ashenzari.
Ashenzari was aware of your devotion.
You were not hungry.

You visited 2 branches of the dungeon, and saw 10 of its levels.
You also visited: Ossuary.

You collected 372 gold pieces.

Inventory:

Hand Weapons
 a - a +0 rapier (weapon)
Missiles
 G - a throwing net (quivered)
Armour
 b - a +0 leather armour (worn)
 c - a cursed +0 helmet (worn)
 h - a +0 cloak (worn)
 s - a cursed +0 pair of gloves (worn)
Jewellery
 e - a cursed +4 ring of slaying (left hand)
 g - an amulet of magic regeneration (around neck)
 p - an uncursed ring of see invisible
 x - a ring of wizardry (right hand)
Wands
 y - a wand of scattershot (3)
Scrolls
 d - a scroll of fog {unknown}
 j - a scroll of random uselessness {unknown}
 l - 7 scrolls of teleportation
 m - 4 scrolls of fear
 o - a scroll of magic mapping {unknown}
 t - a scroll of blinking {unknown}
 u - 2 scrolls of enchant weapon
 A - a scroll of enchant armour {unknown}
 B - a scroll of vulnerability {unknown}
 D - a scroll of remove curse
 E - a scroll of amnesia {unknown}
 H - a scroll of holy word {unknown}
 I - 3 scrolls of identify
Potions
 i - 2 potions of berserk rage {unknown}
 k - 6 potions of curing
 n - 5 potions of brilliance
 r - a potion of might {unknown}
 v - 2 potions of magic
 w - 2 potions of haste
 z - a potion of cancellation
Comestibles
 f - 24 rations
 C - 2 chunks of flesh


   Skills:
 + Level 5.8 Fighting
 * Level 7.0 Short Blades
 - Level 1.7 Throwing
 + Level 4.3 Armour
 * Level 7.0 Dodging
 + Level 5.9 Stealth
 + Level 3.2 Spellcasting
 + Level 3.7 Hexes
 - Level 2.3 Ice Magic


You had 9 spell levels left.
You knew the following spells:

 Your Spells              Type           Power        Failure   Level  Hunger
a - Ensorcelled Hibernat  Hex/Ice        #.....       8%          2    ###....
b - Corona                Hex            #......      3%          1    ##.....
c - Confuse               Hex            #.......     11%         3    ####...

Your spell library contained the following spells:

 Spells                   Type           Power        Failure   Level  Hunger
 Tukima's Dance           Hex            #.......     11%         3    ####...
 Dazzling Spray           Conj/Hex       #.....       22%         3    ####...


Dungeon Overview and Level Annotations

Branches:
Dungeon (9/15)             Temple (1/1) D:6            Lair (0/6) D:9
    Orc: D:9-12

Altars:
Ashenzari
Cheibriados
Dithmenos
Elyvilon
Fedhas
Hepliaklqana
Makhleb
Nemelex Xobeh
Okawaru
Qazlal
Ru
Sif Muna
Trog
Uskayaw
Vehumet
Wu Jian
Xom
Yredelemnul
Zin
The Shining One


Innate Abilities, Weirdness & Mutations

Your body is rotting away.
You thrive on raw meat.
You are immune to poison.
You have sharp fingernails.
You are carnivorous and can eat meat at any time.
Your flesh is cold resistant. (rC+)
You are immune to negative energy. (rN+++)
You do not regenerate when monsters are visible.
You are immune to unholy pain and torment.
You can survive without breathing.


Message History

Aim: an elephant The bolt of acid hits the elephant!
The elephant is splashed with acid.
The acid corrodes the elephant!
The elephant is lightly wounded.
Evoke which item? (* to show all) (? for menu, Esc to quit)
Aiming: Corrosive Bolt
Press: ? - help, Shift-Dir - straight line, f/p - elephant
Aim: an elephant (lightly wounded, covered in acid)
The bolt of acid hits the elephant!!
The elephant is splashed with acid.
The acid corrodes the elephant!
The elephant is heavily wounded.
The now-empty wand crumbles to dust.
The elephant tramples you!
* * * LOW HITPOINT WARNING * * *
You stumble backwards!
Evoke which item? (* to show all) (? for menu, Esc to quit)
Okay, then.
Eat one of 3 chunks of flesh? (ye/n/q)
You eat one of the 3 chunks of flesh.
This raw flesh tastes great!
The elephant tramples you!
You die...

.......
#.....#####
#...÷...##
######...# ##..#
#..# ### ######..#
##.####.......#
##.@Y...####...#
##.####### #####
###.## #..##
#..####### ###
##.....†.######.##
#######.........##
##<.....##..#####
.###
##..##..#####..##.


You could see an elephant.

Vanquished Creatures
  A hippogriff (D:9)
  A wraith (D:8)
  A steam dragon (D:9)
  2 water moccasins
  An orc warrior (D:8)
  A phantom (D:8)
  A black bear (D:9)
  5 ogres
  A centaur (D:5)
  2 necrophages
  2 crocodiles (D:9)
  An elf zombie (Ossuary)
  3 bullfrogs
  A wyvern skeleton (D:6)
  An elf skeleton (D:8)
  5 scorpions
  A troll zombie (D:8)
  11 killer bees
  A wight (D:8)
  A crimson imp (D:8)
  A bullfrog zombie (D:5)
  3 centaur zombies (Ossuary)
  A jelly (D:5)
  A bullfrog skeleton (D:5)
  7 human zombies
  2 orc priests (D:3)
  5 hounds
  8 orc wizards
  2 iguanas
  4 worker ants
  An ogre zombie (D:8)
  2 big kobold zombies (Ossuary)
  A hound skeleton (D:6)
  3 mummies (Ossuary)
  2 howler monkey zombies
  3 gnolls (D:4)
  13 adders
  2 shadow imps (D:8)
  An ooze (D:2)
  4 adder zombies (Ossuary)
  2 worms
  2 dart slugs
  3 leopard geckos
  37 orcs
  2 ball pythons
  8 bats
  7 giant cockroaches
  6 hobgoblins
  28 jackals
  11 quokkas
  6 frilled lizards
  10 goblins
  7 goblin zombies
  A hobgoblin zombie (Ossuary)
  4 jackal zombies (Ossuary)
  6 kobolds
  5 kobold zombies (Ossuary)
  4 orc zombies
  2 quokka zombies (Ossuary)
  6 rats
  3 rat zombies
269 creatures vanquished.

Notes
Turn   | Place    | Note
-------+----------+-------------------------------------------
     0 | D:1      | Borgoz the Ghoul Gladiator began the quest for the Orb.
     0 | D:1      | Reached XP level 1. HP: 17/17 MP: 0/0
    44 | D:1      | Reached XP level 2. HP: 11/25 MP: 1/1
   458 | D:1      | Reached skill level 1 in Stealth
   894 | D:1      | Reached XP level 3. HP: 28/30 MP: 2/2
  1215 | D:2      | Reached skill level 1 in Armour
  1219 | D:2      | Learned a level 2 spell: Ensorcelled Hibernation
  1350 | D:2      | Reached XP level 4. HP: 31/37 MP: 3/3
  1495 | D:2      | Found a white marble altar of Elyvilon.
  2086 | D:3      | Found a sparkling altar of Nemelex Xobeh.
  2102 | D:3      | Found a shattered altar of Ashenzari.
  2133 | D:3      | Found a sacrificial altar of Ru.
  2454 | D:3      | Reached XP level 5. HP: 28/42 MP: 4/4
  2520 | D:4      | Noticed an ogre
  2529 | D:3      | Reached skill level 1 in Ice Magic
  2542 | D:4      | Killed an ogre
  2542 | D:4      | Reached skill level 1 in Hexes
  2542 | D:4      | Reached XP level 6. HP: 46/51 MP: 5/5
  2645 | D:3      | Found an iron altar of Okawaru.
  2886 | D:3      | Found a blossoming altar of Fedhas.
  3699 | D:4      | Reached XP level 7. HP: 41/57 MP: 6/6
  4305 | D:5      | Entered Level 5 of the Dungeon
  4390 | D:5      | Learned a level 1 spell: Corona
  4394 | D:5      | Learned a level 3 spell: Confuse
  4667 | D:3      | Reached XP level 8. HP: 49/66 MP: 7/7
  4690 | D:3      | Became a worshipper of Ashenzari the Shackled
  5236 | D:5      | Reached skill level 1 in Spellcasting
  5345 | D:6      | Reached skill level 5 in Short Blades
  5345 | D:6      | Reached skill level 5 in Dodging
  5583 | D:6      | Found a staircase to the Ecumenical Temple.
  5632 | Temple   | Entered the Ecumenical Temple
  6341 | D:6      | Found the +9 staff of Olgreb {rPois}
  6677 | D:7      | Reached XP level 9. HP: 52/72 MP: 10/10
  6688 | D:7      | HP: 3/72 [killer bee (7)]
  6689 | D:7      | HP: 1/72 [killer bee (2)]
  6898 | D:7      | Found a shadowy altar of Dithmenos.
  6956 | D:7      | Reached * piety under Ashenzari
  7256 | D:7      | Found a stormy altar of Qazlal.
  7257 | D:7      | Found a radiant altar of Vehumet.
  7462 | D:8      | Found a sand-covered staircase.
  7495 | D:8      | Reached skill level 5 in Stealth
  7532 | Ossuary  | Entered an ossuary
  7558 | Ossuary  | Reached skill level 5 in Fighting
  8682 | D:8      | Found a basalt altar of Yredelemnul.
  8875 | D:8      | Reached XP level 10. HP: 40/80 MP: 13/13
  9622 | D:9      | Found a staircase to the Lair.
  9622 | D:9      | Noticed an elephant
  9679 | D:9      | Slain by an elephant

Skill      XL: |  1  2  3  4  5  6  7  8  9 10 |
---------------+-------------------------------+-----
Stealth        | 1 2 3 4 5 |  5.9
Dodging        | 3 4 5 6 7 |  7.0
Short Blades   | 3 4 5 6 7 |  7.0
Armour         | 1 2 3 4 |  4.3
Fighting       | 3 4 5 |  5.8
Ice Magic      | 1 2 |  2.3
Hexes          | 1 2 3 |  3.7
Spellcasting   | 1 2 3 |  3.2
Throwing       | |  1.7

Action                   |  1- 3 |  4- 6 |  7- 9 | 10-12 || total
-------------------------+-------+-------+-------+-------++-------
Melee: Rapier            |   102 |   197 |   614 |    92 ||  1005
Throw: Throwing net      |       |     4 |     3 |       ||     7
 Cast: Ensorcelled Hiber |       |       |       |     5 ||     5
       Corona            |       |       |       |     3 ||     3
Invok: Curse Item        |       |       |     3 |       ||     3
Evoke: Wand              |       |       |     2 |     2 ||     4
  Use: Potion            |     2 |       |     2 |     1 ||     5
       Scroll            |       |     3 |    10 |       ||    13
 Stab: Sleeping          |     1 |     1 |    19 |     7 ||    28
       Held in net/web   |       |     1 |     1 |       ||     2
       Distracted        |       |       |     1 |       ||     1
  Eat: Chunk             |     3 |    25 |    26 |     7 ||    61
Armor: Leather armour    |    29 |    91 |   156 |    21 ||   297
Dodge: Dodged            |    71 |   140 |   419 |    50 ||   680
